 Dungeon Crawl Stone Soup version 0.27.1-34-g3ba077fa99 (webtiles) character file.

Game seed: 9207363926159136391

74 Cykl0x the Slasher (level 4, -1/27 HPs)
             Began as a Gargoyle Gladiator on Jan 13, 2022.
             Slain by Natasha (9 damage)
             ... on level 2 of the Dungeon.
             The game lasted 00:03:07 (1644 turns).

Cykl0x the Slasher (Gargoyle Gladiator)             Turns: 1644, Time: 00:03:07

Health: -1/27      AC:  0    Str: 19    XL:     4   Next: 28%
Magic:  5/5        EV: 14    Int:  8    God:
Gold:   70         SH:  0    Dex: 11    Spells: 3/5 levels left

rFire    . . .     SeeInvis .   (weapon currently unavailable)
rCold    . . .     Faith    .   (shield currently unavailable)
rNeg     + . .     Spirit   .   (armour currently unavailable)
rPois    ∞         Reflect  .   (helmet currently unavailable)
rElec    .         Harm     .   (cloak currently unavailable)
rCorr    .         Rampage  .   (gloves currently unavailable)
Will     .....                  (boots currently unavailable)
Stlth    +.........             (no amulet)
HPRegen  0.09/turn              (ring currently unavailable)
MPRegen  0.09/turn              (ring currently unavailable)

@: pig-form (expiring), slowed
A: fast, no casting, sickness immunity, AC +3, small, negative energy resistance
1, (electricity resistance), torment resistance 1, petrification resistance
a: no special abilities


You were on level 2 of the Dungeon.
You were a filthy swine.
You visited 1 branch of the dungeon, and saw 2 of its levels.

You collected 70 gold pieces.

Inventory:

Hand Weapons
 a - a +1 long sword (melded)
Missiles
 j - 19 stones (quivered)
Armour
 b - a +0 leather armour
 c - a +0 helmet (melded)
 h - a +0 ring mail (melded)
Scrolls
 i - a scroll of amnesia
Potions
 e - a potion of might
 f - a potion of haste
 g - a potion of flight


   Skills:
 + Level 2.5 Fighting
 + Level 3.4 Long Blades
 + Level 1.8 Throwing
 * Level 1.2 Armour
 + Level 2.7 Dodging
 * Level 1.0 Spellcasting
 * Level 0.5 Transmutations


You had 3 spell levels left.
You knew the following spells:

 Your Spells              Type           Power      Damage    Failure   Level
a - Wereblood             Tmut           1%         N/A       43%         2

Your spell library contained the following spells:

 Spells                   Type           Power      Damage    Failure   Level
 Summon Hydra             Summ           0%         N/A       100%        7
 Sublimation of Blood     Necr           Unusable   N/A       N/A         2

Dungeon Overview and Level Annotations

Branches:
Dungeon (2/15)

Altars:
Xom

Annotations:
D:2 Natasha


Innate Abilities, Weirdness & Mutations

You are a filthy swine.
You move quickly.
Your equipment is almost entirely melded.
You are incapable of wielding weapons or throwing items.
You cannot cast spells.
You are immune to sickness and miasma.
((Your stone body is resilient. (AC +3)))
You are immune to poison.
You resist negative energy. (rN+)
((You are resistant to electric shocks. (rElec)))
You are resistant to unholy torment.
You are immune to petrification.


Message History

Your +1 long sword melds into your body.
Your +0 helmet melds into your body.
Your +0 ring mail melds into your body.
Natasha struggles against the net.
You completely miss Natasha.
Natasha is lightly wounded.
Natasha struggles against the net.
You hit Natasha.
Natasha is moderately wounded.
Natasha casts a spell.
Natasha struggles against the net.
The net rips apart, and Natasha comes free!
You hit Natasha but do no damage.
Natasha is moderately wounded.
The crimson imp closely misses you. Natasha claws you!
You closely miss Natasha.
Natasha is moderately wounded.
The crimson imp blinks!
Natasha misses you.
You closely miss Natasha.
Natasha is moderately wounded.
Natasha barely misses you.
You barely miss Natasha.
Natasha is moderately wounded.
Natasha zaps a wand.
Natasha claws you.
The crimson imp blinks!
You hit Natasha but do no damage.
Natasha is moderately wounded.
Your transformation is almost over.
Natasha completely misses you.
The crimson imp blinks!
You closely miss Natasha.
Natasha is moderately wounded.
The crimson imp misses you. Natasha claws you.
You barely miss Natasha.
Natasha is moderately wounded.
The crimson imp closely misses you.
Natasha zaps a wand.
You resist with some effort.
The now-empty wand crumbles to dust.
Natasha closely misses you. The crimson imp hits you.
* * * LOW HITPOINT WARNING * * *
You barely miss Natasha.
Natasha is moderately wounded.
Natasha claws you!
You die...

.._..###.###.....................
.................................
.....##..###.#...................
######.......##..................
##...#....###..................
##..#....### #..............##.#
#.....##.# #.........)....##.#
##.######.# #.5....(..>....##)#
#..######.######h............##.#
..............##h###.#####.####.#
...######.###5...# #.# #.# #..#
.### #.......## #.#####.##..## .#
##..####... .............#
.#######..## #####..#####.#.#...
##5h5.....# ..... ##.#.#.##
#.5#####..# #..... ###.)....#
#.## #.######...........#..####


You could see Natasha and a crimson imp (summoned).

Vanquished Creatures
  Natasha (D:2)
  An adder (D:2)
  A dart slug (D:1)
  2 ball pythons (D:1)
  2 bats (D:1)
  3 endoplasms (D:1)
  3 giant cockroaches
  8 goblins
  2 hobgoblins (D:1)
  3 quokkas (D:1)
  5 frilled lizards
  A kobold (D:2)
  3 rats (D:1)
35 creatures vanquished.

Notes
Turn   | Place    | Note
-------+----------+-------------------------------------------
     0 | D:1      | Cykl0x the Gargoyle Gladiator began the quest for the Orb.
     0 | D:1      | Reached XP level 1. HP: 12/12 MP: 1/1
    19 | D:1      | You fall into a shaft and drop 1 floor!
   311 | D:1      | Reached XP level 2. HP: 17/17 MP: 2/2
   484 | D:1      | Reached skill level 3 in Long Blades
   608 | D:1      | Reached XP level 3. HP: 20/22 MP: 3/3
   985 | D:1      | Learned a level 2 spell: Wereblood
  1051 | D:2      | Noticed Natasha
  1064 | D:2      | Killed Natasha
  1065 | D:2      | Reached skill level 1 in Armour
  1065 | D:2      | Reached XP level 4. HP: 14/27 MP: 3/5
  1318 | D:2      | Found a shimmering altar of Xom.
  1410 | D:2      | Reached skill level 1 in Spellcasting
  1459 | D:2      | Noticed Natasha
  1644 | D:2      | Slain by Natasha

Illustrated notes

Levels and vault maps discovered:
D:1:      psy_arrival_statuary, layout_loops_ring
D:2:      layout_rooms, basic_altar, uniq_natasha

Skill      XL: |  1  2  3  4 |
---------------+-------------+-----
Long Blades    | 3 |  3.4
Armour         | 1 |  1.2
Spellcasting   | 1 |  1.0
Fighting       | |  2.5
Throwing       | |  1.8
Dodging        | |  2.7
Transmutations | |  0.5

Action                   |  1- 3 |  4- 6 || total
-------------------------+-------+-------++-------
Melee: Long sword        |    66 |    23 ||    89
       Unarmed           |       |    13 ||    13
Throw: Throwing net      |     1 |     2 ||     3
  Use: Scroll            |     3 |     3 ||     6
Armor: Leather armour    |    10 |       ||    10
       Ring mail         |    20 |     8 ||    28
Dodge: Dodged            |    58 |    19 ||    77
       Rpst.: Long sword |    14 |     5 ||    19
